 Dungeon Sprint DCSS version 0.27-a0-54-g64bdb92e38 (webtiles) character file.

Game seed: 7973128587367222959

1012 mhtbhm the Protected (level 8, -8/80 HPs)
             Began as a Minotaur Fighter on Jan 8, 2021.
             Was a Believer of Qazlal.
             Mangled by a nine-headed hydra (14 damage)
             ... in the Dungeon (Sprint IX: "|||||||||||||||||||||||||||||").
             The game lasted 00:02:37 (799 turns).

mhtbhm the Protected (Minotaur Fighter)              Turns: 799, Time: 00:02:38

Health: -8/80      AC: 10    Str: 27    XL:     8   Next: 1%
Magic:  9/11       EV: 11    Int:  8    God:    Qazlal [**....]
Gold:   0          SH: 16    Dex:  9    Spells: 7/7 levels left

rFire    . . .     SeeInvis .   a - +2 scimitar (holy)
rCold    . . .     Faith    .   c - +0 kite shield
rNeg     . . .     Spirit   .   b - +2 ring mail
rPois    .         Reflect  .   (helmet restricted)
rElec    .         Harm     .   (no cloak)
rCorr    .         Rampage  .   (no gloves)
Will     .....     NoTele   +   o - +0 pair of boots
Stlth    +.........             (no amulet)
HPRegen  0.23/turn              p - +3 ring of intelligence
MPRegen  0.12/turn              q - +3 ring of strength

@: no status effects
A: retaliatory headbutt, horns 2
a: Renounce Religion, Upheaval


You were in the Dungeon.
You worshipped Qazlal.
Qazlal was pleased with you.
You visited 1 branch

Inventory:

Hand Weapons
 a - a +2 scimitar of holy wrath (weapon)
Armour
 b - a +2 ring mail (worn)
 c - a +0 kite shield (worn)
 o - a +0 pair of boots (worn)
Jewellery
 p - a +3 ring of intelligence (left hand)
 q - a +3 ring of strength (right hand)
Wands
 n - a wand of acid (4)
Scrolls
 j - 2 scrolls of blinking
 l - 3 scrolls of remove curse
 m - 2 scrolls of amnesia
Potions
 d - a potion of might
 e - 5 potions of curing
 f - 3 potions of heal wounds
 g - a potion of haste
 h - 4 potions of magic
 i - a potion of berserk rage
 k - a potion of invisibility


   Skills:
 + Level 10.4 Fighting
 + Level 7.9 Long Blades
 + Level 10.9 Armour
 + Level 2.8 Dodging
 + Level 0.6 Stealth
 + Level 10.5 Shields
 * Level 6.4 Invocations
 + Level 1.7 Evocations


You had 7 spell levels left.
You didn't know any spells.
Your spell library was empty.

Dungeon Overview and Level Annotations

Branches:
Dungeon (1/1)

Altars:
Cheibriados
Dithmenos
Elyvilon
Fedhas
Gozag
Hepliaklqana
Kikubaaqudgha
Makhleb
Nemelex Xobeh
Okawaru
Qazlal
Ru
Sif Muna
Trog
Uskayaw
Vehumet
Wu Jian
Xom
Yredelemnul
Zin
The Shining One
Beogh
Jiyva
Lugonu


Innate Abilities, Weirdness & Mutations

You reflexively headbutt those who attack you in melee.
You have a pair of horns on your head.


Message History

You block the nine-headed hydra's attack.
The nine-headed hydra barely misses you.
The nine-headed hydra bites you! The nine-headed hydra bites you.
The nine-headed hydra bites you!
* * * LOW HITPOINT WARNING * * *
The nine-headed hydra barely misses you.
The nine-headed hydra closely misses you.
The nine-headed hydra bites you but does no damage.
You barely miss the nine-headed hydra.
The nine-headed hydra is almost dead.
You block the nine-headed hydra's attack.
The nine-headed hydra bites you but does no damage.
The nine-headed hydra bites you!
* * * LOW HITPOINT WARNING * * *
You block the nine-headed hydra's attack.
The nine-headed hydra bites you but does no damage. x2
The nine-headed hydra bites you.
* * * LOW HITPOINT WARNING * * *
The nine-headed hydra bites you!
You die...

▓+▓
▓.▓
▓.▓
▓†▓
▓K▓
▓T▓
▓D▓
▓@▓
▓.▓
▓.▓
▓)▓
▓.▓
▓)▓
▓)▓
▓'▓
▓[▓


You could see a nine-headed hydra (corroded), a kobold demonologist and a troll
(corroded).

Vanquished Creatures
  A cyclops (D)
  A wraith (D)
  An orc warrior (D)
  A phantom (D)
  2 ogres (D)
  A hound (D)
  An orc wizard (D)
  An iguana (D)
  A worker ant (D)
  An adder (D)
  A dart slug (D)
  A leopard gecko (D)
  An orc (D)
  A bat zombie (D)
  A goblin (D)
  A hobgoblin (D)
  A kobold (D)
  A quokka (D)
19 creatures vanquished.

Notes
Turn   | Place    | Note
-------+----------+-------------------------------------------
     0 | D        | mhtbhm the Minotaur Fighter began the quest for the Orb.
     0 | D        | Reached XP level 1. HP: 19/19 MP: 0/0
    15 | D        | Reached XP level 2. HP: 21/28 MP: 1/1
   194 | D        | Noticed a phantom
   206 | D        | Killed a phantom
   207 | D        | Reached XP level 3. HP: 17/38 MP: 2/2
   207 | D        | Reached XP level 4. HP: 20/45 MP: 3/3
   425 | D        | Found a roughly hewn altar of Beogh.
   425 | D        | Found a snail-covered altar of Cheibriados.
   425 | D        | Found a shadowy altar of Dithmenos.
   425 | D        | Found a white marble altar of Elyvilon.
   425 | D        | Found a blossoming altar of Fedhas.
   425 | D        | Found an opulent altar of Gozag.
   426 | D        | Found a hazy altar of Hepliaklqana.
   427 | D        | Found a viscous altar of Jiyva.
   428 | D        | Found an ancient bone altar of Kikubaaqudgha.
   429 | D        | Found a corrupted altar of Lugonu.
   430 | D        | Found a burning altar of Makhleb.
   431 | D        | Found a sparkling altar of Nemelex Xobeh.
   432 | D        | Found an iron altar of Okawaru.
   433 | D        | Found a stormy altar of Qazlal.
   434 | D        | Found a sacrificial altar of Ru.
   435 | D        | Found a shimmering blue altar of Sif Muna.
   436 | D        | Found a bloodstained altar of Trog.
   437 | D        | Found a hide-covered altar of Uskayaw.
   438 | D        | Found a radiant altar of Vehumet.
   439 | D        | Found an ornate altar of the Wu Jian Council.
   440 | D        | Found a shimmering altar of Xom.
   441 | D        | Found a basalt altar of Yredelemnul.
   442 | D        | Found a glowing silver altar of Zin.
   443 | D        | Found a glowing golden altar of the Shining One.
   503 | D        | Became a worshipper of Qazlal Stormbringer
   565 | D        | Noticed an ogre
   565 | D        | Noticed a wraith
   565 | D        | Noticed an ogre
   565 | D        | Noticed an orc warrior
   568 | D        | Killed an orc warrior
   569 | D        | Reached skill level 5 in Long Blades
   569 | D        | Reached skill level 1 in Dodging
   569 | D        | Reached XP level 5. HP: 17/53 MP: 3/6
   569 | D        | Killed an ogre
   569 | D        | Reached * piety under Qazlal
   570 | D        | Reached XP level 6. HP: 21/62 MP: 3/8
   572 | D        | Killed a wraith
   572 | D        | Reached ** piety under Qazlal
   573 | D        | Reached skill level 10 in Armour
   573 | D        | Reached skill level 5 in Invocations
   573 | D        | Reached XP level 7. HP: 24/70 MP: 3/9
   791 | D        | Noticed a kobold demonologist
   791 | D        | Noticed a troll
   791 | D        | Noticed an eight-headed hydra
   791 | D        | Noticed a cyclops
   796 | D        | Reached skill level 1 in Evocations
   796 | D        | Killed a cyclops
   797 | D        | Reached skill level 10 in Fighting
   797 | D        | Reached skill level 10 in Shields
   797 | D        | Reached XP level 8. HP: 57/80 MP: 9/11
   799 | D        | Mangled by a nine-headed hydra

Illustrated notes

Levels and vault maps discovered:
D:        linesprint [early_d, line_temple, items_1, d_10, items_2, lair_1,
          lair_end, items_3, orc_1, orc_end, items_4, d_15, swamp_1, shoals_1,
          snake_1, spider_1, d_20, vaults_1, items_5, swamp_end, shoals_end,
          snake_end, spider_end, vaults_end, d_27, items_6, zot_1, zot_end,
          crypt_end, forest_end, elf_end, slime_end, tomb_end, abyss_end,
          pan_hell_end]

Skill      XL: |  1  2  3  4  5  6  7 |
---------------+----------------------+-----
Fighting       | 4 6 8 9 10 | 10.4
Armour         | 4 6 8 9 10 | 10.9
Shields        | 4 6 8 9 10 | 10.5
Long Blades    | 4 5 6 7 |  7.9
Dodging        | 1 2 |  2.8
Invocations    | 3 4 5 6 |  6.4
Evocations     | 1 |  1.7
Stealth        | |  0.6

Action                   |  1- 3 |  4- 6 |  7- 9 || total
-------------------------+-------+-------+-------++-------
Melee: Long sword        |    22 |     8 |       ||    30
       Headbutt          |     5 |     2 |     2 ||     9
       Scimitar          |       |     2 |     4 ||     6
Evoke: Wand              |       |     3 |     3 ||     6
Armor: Scale mail        |     6 |     1 |       ||     7
       Ring mail         |       |       |     5 ||     5
Dodge: Dodged            |     9 |     4 |     7 ||    20
Block: Kite shield       |    10 |     4 |     7 ||    21
       Rpst.: Long sword |     3 |     1 |       ||     4

Table legend: (Time is in decaauts)
 A = Elapsed time spent in this place.
 B = Non-inter-level travel time spent in this place.
 C = Inter-level travel time spent in this place.
 D = Time resting spent in this place.
 E = Time spent auto-exploring this place.
 F = Levels seen in this place.
 G = Mean time per level.
                   A        B        C        D        E       F      G
               +--------+--------+--------+--------+--------+-----+--------+
         Total |    807 |    807 |      0 |    591 |      3 |   1 |  807.0 |
       Dungeon |    807 |    807 |      0 |    591 |      3 |   1 |  807.0 |
               +--------+--------+--------+--------+--------+-----+--------+

Top non-repeatable levels by time:
       D: 807 daAuts
